 Dungeon Crawl Stone Soup version 0.32-a0-921-g04a7ad8e02 (webtiles) character file.

Game seed: 3072738930916823158

19683 Revguard the Blocker (level 12, -13/92 HPs)
             Began as a Demonspawn Fighter on Apr 12, 2024.
             Was a High Priest of Yredelemnul.
             Killed from afar by a fire giant (40 damage)
             ... with a fireball
             ... on level 12 of the Dungeon.
             The game lasted 00:26:38 (10098 turns).

Revguard the Blocker (Demonspawn Fighter)          Turns: 10098, Time: 00:26:39

Health: -13/92     AC: 24    Str: 20    XL:     12   Next: 38%
Magic:  18/18      EV: 14    Int:  8    God:    Yredelemnul [*****.]
Gold:   1501       SH: 13    Dex: 15    Spells: 11/11 levels left

rFire   . . .        t - +4 war axe (flame)
rCold   + . .        v - +2 kite shield
rNeg    . . .        G - +2 plate armour {rC+}
rPois   .            (helmet restricted)
rElec   .            l - +2 cloak
rCorr   .            (no gloves)
SInv    .            p - +2 pair of slick slippers {slick, slippery, EV+4}
Will    .....        (no amulet) Stlth
                     e - +4 ring of slaying
HPRegen 0.35/turn    y - +4 ring of protection
MPRegen 0.16/turn

%: repel missiles
@: wreathed by umbra
A: antennae 1, repulsion field 3, icemail 1, condensation shield, foul shadow 2
a: Renounce Religion, Light the Black Torch, Recall Undead Harvest, Hurl
Torchlight, Bind Soul, Fathomless Shackles


You were on level 12 of the Dungeon.
You worshipped Yredelemnul.
Yredelemnul was aware of your devotion.
You visited 2 branches of the dungeon, and saw 13 of its levels.

You collected 1584 gold pieces.
You spent 83 gold pieces at shops.

Inventory:

Hand Weapons
 t - a +4 war axe of flaming (weapon)
Armour
 j - a +2 pair of boots
 k - a +0 plate armour
 l - a +2 cloak (worn)
 o - a +1 kite shield
 p - the +2 pair of slick slippers (worn) {slick, slippery, EV+4}
   (You acquired it on level 8 of the Dungeon)

   Slick:     Its wearer cannot be constricted, engulfed, netted, webbed, or
   stopped by binding sigils.
   Slippery:  Its wearer slips away from damaging melee attacks, pulling the
   attacker onward.
   EV+4:      It affects your evasion (+4).
 v - a +2 kite shield (worn)
 G - a +2 plate armour of cold resistance (worn)
Jewellery
 e - a +4 ring of slaying (left hand)
 g - an amulet of reflection
 i - a ring of magical power
 s - a +6 ring of strength
 y - a +4 ring of protection (right hand)
 F - a +6 ring of dexterity
 M - a ring of see invisible
Wands
 b - a wand of polymorph (9)
 u - a wand of warping (8)
 B - a wand of mindburst (15)
 D - a wand of digging (8)
 K - a wand of flame (6)
Scrolls
 a - a scroll of brand weapon
 c - a scroll of vulnerability
 h - 2 scrolls of amnesia
 n - 5 scrolls of teleportation
 r - a scroll of revelation
 E - 2 scrolls of fog
 H - 2 scrolls of blinking
 I - 2 scrolls of fear
 L - a scroll of enchant weapon
Potions
 d - 3 potions of might
 f - 3 potions of ambrosia
 m - 3 potions of magic
 q - 6 potions of curing
 w - 3 potions of brilliance
 x - a potion of attraction
 z - 2 potions of haste
 A - a potion of resistance
 C - a potion of enlightenment
 N - a potion of berserk rage {unknown}
Miscellaneous
 J - a phantom mirror


   Skills:
 + Level 7.9 Fighting
 * Level 9.2 Axes
 + Level 6.9 Armour
 + Level 6.2 Dodging
 * Level 9.4 Shields
 + Level 9.1 Invocations
 + Level 6.8 Evocations


You had 11 spell levels left.
You didn't know any spells.
Your spell library contained the following spells:

 Spells                   Type           Power      Damage    Failure   Level
 Lesser Beckoning         Tloc           0%         N/A       100%        2
 Maxwell's Portable Pile  Tloc           0%         2d(5-13)  100%        3
 Teleport Other           Tloc           0%         N/A       100%        3
 Volatile Blastmotes      Fire/Tloc      0%         2d10      100%        3
 Fulminant Prism          Conj/Alch      0%         3d5       100%        4
 Ignite Poison            Fire/Alch      0%         N/A       100%        4
 Iskenderun's Mystic Bla Conj/Tloc 0%             2d3        (+2d1     100%        4
 Sticky Flame             Fire/Alch      0%         2d4       100%        4
 Ignition                 Fire           0%         3d3       100%        8


Dungeon Overview and Level Annotations

Branches:
Dungeon (12/15)            Temple (1/1) D:4            Lair (0/5) D:9
    Orc (0/2) D:10

Altars:
Ashenzari
Cheibriados
Dithmenos
Fedhas
Gozag
Hepliaklqana
Kikubaaqudgha
Makhleb
Nemelex Xobeh
Okawaru
Qazlal
Ru
Sif Muna
Trog
Uskayaw
Vehumet
Wu Jian
Xom
Yredelemnul
Beogh

Shops:
D:3 (   D:5 (   D:12 :


Innate Abilities, Weirdness & Mutations

You have a pair of small antennae on your head.
You are surrounded by a strong repulsion field. (EV +4, RMsl)
A meltable icy envelope protects you from harm. (AC +0)
A meltable shield of frost defends you. (SH +0)
You are shadowed, sometimes releasing foul flame when damaged in melee.


Message History

Your orc zombie is engulfed in calcifying dust.
Your orc zombie is moving more slowly.
You swap places.
Your orc zombie is engulfed in calcifying dust.
Your orc zombie is moving more slowly.
Your orc zombie hits the catoblepas but does no damage.
You block the catoblepas's attack.
You hit the catoblepas. You burn the catoblepas.
The catoblepas is almost dead.
Your orc zombie is engulfed in calcifying dust.
Your orc zombie stops moving altogether!
Your orc zombie is engulfed in calcifying dust.
Your orc zombie stops moving altogether!
You block the catoblepas's attack.
You slash the catoblepas! You burn the catoblepas.
You kill the catoblepas!
Their soul becomes fuel for the torch.
Your orc zombie is engulfed in calcifying dust. x2
You slice the fire giant!! You burn the fire giant.
The fire giant is moderately wounded.
You block the fire giant's attack.
Your orc zombie is engulfed in calcifying dust.
You slash the fire giant!
The fire giant is moderately wounded.
The fire giant hits you but does no damage.
Your orc zombie is engulfed in calcifying dust.
You hit the fire giant.
The fire giant is moderately wounded.
The fire giant points at you and mumbles some strange words.
The fireball explodes!
The fireball engulfs you!!
* * * LOW HITPOINT WARNING * * *
The fireball engulfs your orc zombie!!!
Your orc zombie is destroyed!
The fireball engulfs the fire giant!
The fire giant resists.
Okay, then.
Something hits your manticore zombie!!
The fire giant gestures at you while chanting.
The fireball explodes!
The fireball engulfs you!!!
You die...
Your body rises from the dead as a mindless zombie.

...ZZ.###
.#Z#### .#Z# ##
.#.# ##!# ###
.#Z# #?#(##.##
.#Z# #.#$#.##$#
##.# #.##CW##
##.# #.##C# ##.#
## #$##@.# ##.#
##. # #Z### Z..#
#.. ##Z# ##.#
#.# #ZZ# #..#
#.#####Z##
...#####..Z.Z.Z#
.#.......).....#
#######........#
.#######.......#


You could see 2 fire giants, a friendly manticore zombie, a friendly ugly thing
zombie, 2 friendly orc zombies, a friendly death knight zombie and the friendly
Erolcha the ogre zombie.

Vanquished Creatures
  Josephine (D:10)
  A catoblepas (D:12)
  A two-headed ogre (D:10)
  A deep elf pyromancer (D:12)
  A manticore (D:11)
  A kobold demonologist (D:12)
  3 trolls
  2 wraiths (D:10)
  10 yaks
  Eustachio (D:6)
  3 vampire mosquitoes (D:12)
  3 acid dragons
  A hornet zombie (D:8)
  3 orc warriors
  A sky beast (D:6)
  10 ogres
  4 centaurs
  3 kobold brigands
  2 bullfrogs
  3 scorpions
  5 wights
  6 killer bees (D:8)
  An electric eel (D:6)
  3 howler monkeys
  A bombardier beetle (D:4)
  8 crimson imps (D:11)
  2 centaur zombies (D:8)
  5 orc priests
  A hound (D:5)
  A jelly (D:6)
  A gnoll bouda (D:6)
  A sleepcap (D:5)
  Terence (D:3)
  10 orc wizards
  Natasha (thrice) (D:3)
  2 killer bee zombies (D:8)
  2 howler monkey zombies (D:8)
  8 gnolls
  4 adders
  3 shadow imps
  A white imp (D:7)
  3 ribbon worms
  2 dart slugs (D:1)
  23 orcs
  5 ball pythons
  11 endoplasms
  A giant cockroach (D:2)
  6 goblins
  7 hobgoblins
  10 jackals
  2 quokkas
  8 bats
  4 frilled lizards
  7 kobolds
  3 rats
216 creatures vanquished.

Vanquished Creatures (collateral kills)
  Gastronok (D:8)
  Erolcha (D:12)
  A two-headed ogre (D:8)
  A boulder beetle (D:12)
  A death knight (D:12)
  A manticore (D:12)
  An ugly thing (D:12)
  2 unseen horrors (D:11)
  A kobold demonologist (D:10)
  A komodo dragon (D:11)
  A hornet (D:10)
  2 wraiths (D:10)
  14 yaks
  A vampire mosquito (D:12)
  A steam dragon (D:9)
  2 water moccasins (D:9)
  An orc warrior (D:8)
  A sky beast (D:6)
  A black bear (D:9)
  A centaur (D:6)
  A bullfrog (D:6)
  A gnoll sergeant (D:11)
  A kobold brigand (D:11)
  A scorpion (D:9)
  3 wights (D:8)
  4 killer bees (D:8)
  3 howler monkeys (D:8)
  A crimson imp (D:11)
  A centaur zombie (D:8)
  A jelly (D:5)
  A hound (D:6)
  An orc priest (D:10)
  An orc wizard (D:11)
  A killer bee zombie (D:8)
  8 gnolls
  10 orcs
  A jackal (D:5)
  3 kobolds
79 creatures vanquished.

Vanquished Creatures (others)
  An unseen horror zombie (D:11)
  A boulder beetle zombie (D:12)
  A spectral ogre (D:12)
  A yak zombie (D:8)
  A troll zombie (D:12)
  A centaur zombie (D:9)
  2 killer bee zombies (D:8)
  2 ogre zombies
  A gnoll zombie (D:11)
  2 kobold zombies (D:9)
  8 orc zombies
21 creatures vanquished.

Grand Total: 316 creatures vanquished

Notes
Turn   | Place    | Note
-------+----------+-------------------------------------------
     0 | D:1      | Revguard the Demonspawn Fighter began the quest for the
                  | Orb.
     0 | D:1      | Reached XP level 1. HP: 18/18 MP: 1/1
    73 | D:1      | Gained mutation: You are faintly shadowed, very rarely
                  | releasing foul flame when damaged in melee. [demonic
                  | ancestry]
    73 | D:1      | Reached XP level 2. HP: 24/24 MP: 2/2
   305 | D:1      | Reached skill level 1 in Invocations
   768 | D:1      | Gained mutation: You have a pair of small antennae on your
                  | head. [demonic ancestry]
   768 | D:1      | Reached XP level 3. HP: 29/29 MP: 3/3
  1111 | D:2      | Identified the ring of Foolhardiness {*Slow rElec rC+ rCorr
                  | Int+3}
  1469 | D:2      | Reached skill level 1 in Evocations
  1622 | D:3      | Found an ornate altar of the Wu Jian Council.
  1627 | D:3      | Reached XP level 4. HP: 35/35 MP: 5/5
  1686 | D:3      | Noticed Terence
  1690 | D:3      | Killed Terence
  1691 | D:3      | Reached skill level 1 in Dodging
  1740 | D:3      | Noticed Natasha
  1750 | D:3      | Killed Natasha
  1908 | D:3      | Noticed Natasha
  1916 | D:3      | Gained mutation: A meltable shield of frost defends you.
                  | (SH +0) [demonic ancestry]
  1916 | D:3      | Reached XP level 5. HP: 36/41 MP: 6/6
  1919 | D:3      | Killed Natasha
  1996 | D:3      | Found a transporter.
  1996 | D:3      | Found Nazekaot's Weapon Boutique.
  1998 | D:3      | Found a transporter.
  2003 | D:3      | Bought a +0 war axe of flaming for 83 gold pieces
  2217 | D:3      | Found a stormy altar of Qazlal.
  2289 | D:3      | Noticed Natasha
  2295 | D:3      | Killed Natasha
  2617 | D:4      | Found a staircase to the Ecumenical Temple.
  2618 | D:4      | Noticed an ogre
  2624 | Temple   | Entered the Ecumenical Temple
  2630 | Temple   | Became a worshipper of Yredelemnul the Fallen
  2642 | D:4      | Killed an ogre
  2643 | D:4      | Gained mutation: A meltable icy envelope protects you from
                  | harm. (AC +0) [demonic ancestry]
  2643 | D:4      | Reached XP level 6. HP: 18/48 MP: 6/8
  3325 | D:5      | Entered Level 5 of the Dungeon
  3582 | D:5      | Found Fozadawo's Weapon Boutique.
  4239 | D:6      | Noticed a yak
  4239 | D:6      | Noticed a yak
  4239 | D:6      | Noticed a yak
  4239 | D:6      | Noticed a yak
  4244 | D:6      | Killed a yak
  4245 | D:6      | Gained mutation: You are surrounded by a mild repulsion
                  | field. (EV +2) [demonic ancestry]
  4245 | D:6      | Reached XP level 7. HP: 29/54 MP: 9/9
  4246 | D:6      | Killed a yak
  4247 | D:6      | Killed a yak
  4247 | D:6      | Killed a yak
  4247 | D:6      | Reached * piety under Yredelemnul
  4248 | D:6      | Gained mutation: You are surrounded by a moderate repulsion
                  | field. (EV +3) [demonic ancestry]
  4248 | D:6      | Reached XP level 8. HP: 35/61 MP: 9/11
  4370 | D:6      | Reached skill level 5 in Shields
  4594 | D:6      | Reached skill level 5 in Fighting
  4594 | D:6      | Reached skill level 5 in Axes
  4595 | D:6      | Reached skill level 5 in Invocations
  4646 | D:6      | Noticed Eustachio
  4661 | D:6      | Killed Eustachio
  4662 | D:6      | Reached XP level 9. HP: 68/68 MP: 12/12
  4678 | D:6      | Reached ** piety under Yredelemnul
  4785 | D:6      | Found a blossoming altar of Fedhas.
  6027 | D:8      | Reached skill level 5 in Armour
  6070 | D:8      | Reached *** piety under Yredelemnul
  6198 | D:8      | Reached XP level 10. HP: 76/76 MP: 14/14
  6289 | D:8      | Noticed a two-headed ogre
  6295 | D:8      | Killed a two-headed ogre
  6434 | D:8      | Noticed Gastronok
  6451 | D:8      | Killed Gastronok
  6452 | D:8      | Reached skill level 5 in Evocations
  6813 | D:8      | Identified a scroll of acquirement
  6813 | D:8      | Acquired the +2 pair of slick slippers {slick, slippery,
                  | EV+4}
  6813 | D:8      | Found the +2 pair of slick slippers {slick, slippery, EV+4}
  7010 | D:9      | Found a staircase to the Lair.
  7023 | D:9      | Reached skill level 5 in Dodging
  7023 | D:9      | Gained mutation: You are surrounded by a strong repulsion
                  | field. (EV +4, RMsl) [demonic ancestry]
  7023 | D:9      | Reached XP level 11. HP: 67/83 MP: 16/16
  7619 | D:10     | Entered Level 10 of the Dungeon
  7691 | D:10     | Found a staircase to the Orcish Mines.
  7702 | D:10     | Found a roughly hewn altar of Beogh.
  7711 | D:10     | Reached **** piety under Yredelemnul
  7842 | D:10     | Noticed a two-headed ogre
  7849 | D:10     | Killed a two-headed ogre
  7956 | D:10     | Noticed Lodul
  7978 | D:10     | Killed Lodul
  7978 | D:10     | Bound Lodul
  8353 | D:10     | Paralysed by a hornet for 2 turns
  8492 | D:10     | Noticed Josephine
  8501 | D:10     | Killed Josephine
  9522 | D:12     | Noticed Erolcha
  9527 | D:12     | Killed Erolcha
  9528 | D:12     | Gained mutation: You are shadowed, sometimes releasing foul
                  | flame when damaged in melee. [demonic ancestry]
  9528 | D:12     | Reached XP level 12. HP: 91/91 MP: 18/18
  9533 | D:12     | Found Tomusmae's Book Emporium.
  9558 | D:12     | Reached ***** piety under Yredelemnul
  9615 | D:12     | Noticed a boulder beetle
  9624 | D:12     | Killed a boulder beetle
  9753 | D:12     | Noticed a death knight
  9762 | D:12     | Killed a death knight
  9766 | D:12     | Your ally Lodul died
 10078 | D:12     | Noticed a fire giant
 10079 | D:12     | Noticed a catoblepas
 10084 | D:12     | Noticed a fire giant
 10094 | D:12     | Killed a catoblepas
 10098 | D:12     | Killed from afar by a fire giant

Illustrated notes

Levels and vault maps discovered:
D:1:      dpeg_arrival_tiny_h, layout_basic
D:2:      layout_basic, kennysheep_flooded_box
D:3:      layout_loops_cross, mainiacjoe_overflow_24_doors,
          amcnicky_altar_gilded, serial_shops, nicolae_shop_drivethru,
          nrook_mini_vaults, uniq_natasha, uniq_terence
D:4:      layout_basic, minmay_temple_entry_ruins
D:5:      layout_cave_pods, serial_shops, shop, minmay_misc_feat_rugged
D:6:      layout_cave_pools, fedhas_altar_fruit_tree, serial_bayou_pond_e,
          lightli_minifort, uniq_eustachio
D:7:      layout_basic, nicolae_tricolors
D:8:      layout_basic, general_overflow_altar, serial_undead, serial_undead_f,
          serial_undead_f, serial_undead_d, serial_undead_d, uniq_gastronok
D:9:      layout_long_grid, due_lair_maze_entry_diamond
D:10:     layout_layer_cave, minmay_orc_entry_temple_small, uniq_lodul,
          uniq_josephine
D:11:     layout_rooms, blue_anna_alchemist, dreamdust_princess_corridor,
          minmay_nine_imps
D:12:     minmay_glassy_protrusions, layout_rooms, serial_shops,
          nicolae_book_shop_shelving, uniq_erolcha
Temple:   eino_narrow_crystal_temple

Skill      XL: |  1  2  3  4  5  6  7  8  9 10 11 12 |
---------------+-------------------------------------+-----
Axes           | 2 3 4 5 6 7 8 9 |  9.2
Invocations    | 1 2 3 4 5 6 7 8 9 |  9.1
Evocations     | 1 2 3 4 5 6 |  6.8
Armour         | 3 4 5 6 |  6.9
Shields        | 3 4 5 6 7 9 |  9.4
Dodging        | 1 2 3 4 5 6 |  6.2
Fighting       | 4 5 6 7 |  7.9

Action                     |  1- 3 |  4- 6 |  7- 9 | 10-12 || total
---------------------------+-------+-------+-------+-------++-------
  Melee: War axe           |    92 |   123 |   123 |   262 ||   600
 Invoke: Light the Black T |       |     3 |     2 |     4 ||     9
         Bind Soul         |       |       |       |     1 ||     1
  Evoke: Wand              |       |       |       |     3 ||     3
    Use: Scroll            |       |     8 |     3 |    15 ||    26
         Potion            |       |     1 |       |       ||     1
   Stab: Distracted        |       |       |     1 |     4 ||     5
 Armour: Scale mail        |    44 |       |       |       ||    44
         Plate armour      |    26 |   113 |   129 |   137 ||   405
  Dodge: Dodged            |    35 |    22 |    52 |   116 ||   225
         Repelled          |       |       |       |     4 ||     4
  Block: Buckler           |    19 |     5 |       |       ||    24
         Kite shield       |       |    85 |   126 |   229 ||   440

Table legend: (Time is in decaauts)
 A = Elapsed time spent in this place.
 B = Non-inter-level travel time spent in this place.
 C = Inter-level travel time spent in this place.
 D = Time resting spent in this place.
 E = Time spent auto-exploring this place.
 F = Levels seen in this place.
 G = Mean time per level.
                   A        B        C        D        E       F      G
               +--------+--------+--------+--------+--------+-----+--------+
         Total |  10296 |  10083 |    213 |    127 |   7881 |  13 |  792.0 |
       Dungeon |  10281 |  10068 |    213 |    127 |   7881 |  12 |  856.8 |
        Temple |     14 |     14 |      0 |      0 |      0 |   1 |   14.0 |
               +--------+--------+--------+--------+--------+-----+--------+

Top non-repeatable levels by time:
    D:10: 1374 daAuts
     D:3: 975 daAuts
     D:5: 929 daAuts
     D:7: 921 daAuts
     D:1: 893 daAuts
     D:8: 876 daAuts
     D:6: 857 daAuts
     D:4: 828 daAuts
     D:9: 795 daAuts
     D:2: 693 daAuts
    D:12: 585 daAuts
    D:11: 550 daAuts
  Temple: 14 daAuts
